 Dungeon Crawl Stone Soup version 0.27-a0-1220-g54dba09ff7 (webtiles) character file.

Game seed: 3310106920753495427

119 Delamore the Skirmisher (level 5, -1/43 HPs)
             Began as a Formicid Fighter on June 7, 2021.
             Slain by an iron imp (3 damage)
             ... summoned by Natasha
             ... on level 1 of the Dungeon.
             The game lasted 00:01:36 (1512 turns).

Delamore the Skirmisher (Formicid Fighter)          Turns: 1512, Time: 00:01:37

Health: -1/43      AC:  6    Str: 22    XL:     5   Next: 23%
Magic:  5/5        EV:  8    Int:  7    God:
Gold:   90         SH:  9    Dex: 10    Spells: 4/4 levels left

rFire    . . .     SeeInvis +   a - +0 trident
rCold    . . .     Faith    .   c - +0 kite shield
rNeg     . . .     Spirit   .   b - +0 scale mail
rPois    .         Reflect  .   (helmet unavailable)
rElec    .         Harm     .   (no cloak)
rCorr    .         Rampage  .   (no gloves)
Will     .....                  (no boots)
Stlth    ..........             (no amulet)
HPRegen  0.14/turn              (no ring)
MPRegen  0.09/turn              (no ring)

@: no status effects
A: permanent stasis, dig shafts and tunnels, antennae 3, four strong arms
a: Dig, Shaft Self


You were on level 1 of the Dungeon.
You visited 1 branch of the dungeon, and saw 2 of its levels.

You collected 90 gold pieces.

Inventory:

Hand Weapons
 a - a +0 trident (weapon)
Missiles
 i - 2 boomerangs
Armour
 b - a +0 scale mail (worn)
 c - a +0 kite shield (worn)
Scrolls
 e - a scroll of identify {unknown}
 g - 2 scrolls of enchant weapon {unknown}
 h - a scroll of summoning {unknown}
 j - a scroll of noise {unknown}
Potions
 d - a potion of might
 f - a potion of curing {unknown}


   Skills:
 + Level 4.4 Fighting
 * Level 4.2 Polearms
 - Level 3.2 Armour
 - Level 3.6 Shields


You had 4 spell levels left.
You didn't know any spells.
Your spell library was empty.

Dungeon Overview and Level Annotations

Branches:
Dungeon (2/15)

Altars:

Shops:
D:1 [

Annotations:
D:1 Natasha


Innate Abilities, Weirdness & Mutations

You cannot be hasted, slowed, berserked, paralysed or teleported.
You can dig through walls and to a lower floor.
You have a pair of large antennae on your head. (SInv)
Your four strong arms can wield two-handed weapons with a shield.


Message History

You are too injured to fight recklessly!
You are too injured to fight recklessly!
You are too injured to fight recklessly!
You are too injured to fight recklessly!
You are too injured to fight recklessly!
You are too injured to fight recklessly!
You are too injured to fight recklessly!
You are too injured to fight recklessly!
You are too injured to fight recklessly!
You are too injured to fight recklessly!
You are too injured to fight recklessly!
You hit the gnoll but do no damage.
The gnoll is severely wounded.
The gnoll hits you with a +0 spear. You block Natasha's attack.
You block the gnoll's attack.
You puncture the gnoll!
You kill the gnoll!
Natasha mumbles some strange words.
Natasha claws you but does no damage.
You barely miss Natasha. Natasha claws you but does no damage.
You closely miss Natasha.
Natasha mumbles some strange words.
You hit Natasha.
Natasha is moderately wounded.
Natasha stares at you and mumbles some strange words.
The magic dart hits you. The iron imp closely misses you.
You closely miss Natasha.
Natasha is moderately wounded.
Natasha claws you but does no damage. The iron imp hits you.
* * * LOW HITPOINT WARNING * * *
Natasha claws you but does no damage.
You puncture Natasha!
Natasha is almost dead.
Natasha closely misses you. You block the iron imp's attack.
You hit Natasha.
Natasha is almost dead.
Natasha claws you!
* * * LOW HITPOINT WARNING * * *
The iron imp hits you.
You die...

...................#
...................#
...................#
...................#
...................#
...........[..#..###
...........#####.####
...†.......###.5))..#
..............5h@##.#
##############.#.##.#
##+#.##.#
#.....#.#############
#.....#........#.....
#.....########.#.###.
####### #.........#
#.#.# #. ......#
#...#.###.# #.#.# #.
#####.#######...#..##.#
#.### #.


You could see an iron imp (summoned), Natasha and a crimson imp (summoned).

Vanquished Creatures
  Natasha (twice) (D:2)
  2 gnolls (D:1)
  A dart slug (D:1)
  5 orcs (D:2)
  7 ball pythons
  3 bats (D:1)
  3 endoplasms
  A giant cockroach (D:2)
  2 goblins (D:1)
  2 hobgoblins
  2 jackals (D:1)
  3 quokkas (D:1)
  3 frilled lizards
  2 kobolds (D:1)
  4 rats (D:1)
42 creatures vanquished.

Vanquished Creatures (others)
  5 toadstools (D:1)
5 creatures vanquished.

Grand Total: 47 creatures vanquished

Notes
Turn   | Place    | Note
-------+----------+-------------------------------------------
     0 | D:1      | Delamore the Formicid Fighter began the quest for the Orb.
     0 | D:1      | Reached XP level 1. HP: 18/18 MP: 1/1
    69 | D:1      | Reached XP level 2. HP: 24/24 MP: 2/2
   290 | D:1      | Reached XP level 3. HP: 28/30 MP: 3/3
   666 | D:1      | Found Mupegar's Armour Shoppe.
  1178 | D:2      | Noticed Natasha
  1186 | D:2      | Killed Natasha
  1187 | D:2      | Reached XP level 4. HP: 25/37 MP: 4/4
  1326 | D:2      | Noticed Natasha
  1333 | D:2      | Killed Natasha
  1337 | D:2      | Noticed Natasha
  1339 | D:2      | Reached XP level 5. HP: 36/42 MP: 5/5
  1512 | D:1      | HP: 2/43 [Natasha (8)]
  1512 | D:1      | Slain by an iron imp

Illustrated notes

Levels and vault maps discovered:
D:1:      ldierk_walled_garden, layout_basic, serial_shops,
          nicolae_shop_statue_plus
D:2:      layout_loops_cross, shapermc_ecumenical_altar_totnotflames,
          minmay_misc_feat_square, uniq_robin, uniq_natasha

Skill      XL: |  1  2  3  4 |
---------------+-------------+-----
Polearms       | 3 4 |  4.2
Fighting       | 4 |  4.4
Armour         | |  3.2
Shields        | |  3.6

Action                   |  1- 3 |  4- 6 || total
-------------------------+-------+-------++-------
Melee: Trident           |   114 |    35 ||   149
Armor: Scale mail        |    47 |    15 ||    62
Dodge: Dodged            |    50 |    17 ||    67
Block: Kite shield       |    53 |    15 ||    68

Table legend: (Time is in decaauts)
 A = Elapsed time spent in this place.
 B = Non-inter-level travel time spent in this place.
 C = Inter-level travel time spent in this place.
 D = Time resting spent in this place.
 E = Time spent auto-exploring this place.
 F = Levels seen in this place.
 G = Mean time per level.
                   A        B        C        D        E       F      G
               +--------+--------+--------+--------+--------+-----+--------+
         Total |   1565 |   1537 |     28 |    565 |    665 |   2 |  782.5 |
       Dungeon |   1565 |   1537 |     28 |    565 |    665 |   2 |  782.5 |
               +--------+--------+--------+--------+--------+-----+--------+

Top non-repeatable levels by time:
     D:1: 1323 daAuts
     D:2: 242 daAuts
